 Dungeon Crawl Stone Soup version 0.24.1 (webtiles) character file.

Game seed: 4209020822643556891, levelgen mode: deterministic

451200 Peloso the Hoplite (level 23, -14/224 HPs)
             Began as a Minotaur Fighter on Mar 23, 2020.
             Was the Champion of Okawaru.
             Killed by a malign offering
             ... invoked by a deep elf high priest
              (20 damage)
             ... on level 5 of the Vaults.
             The game lasted 02:35:59 (52739 turns).

Peloso the Hoplite (Minotaur Fighter)              Turns: 52739, Time: 02:36:06

Health: -14/224    AC: 45    Str: 30    XL:     23   Next: 19%
Magic:  24/24      EV: 10    Int:  6    God:    Okawaru [******]
Gold:   4413       SH: 19    Dex: 14    Spells: 22/22 levels left

rFire    . . .     SeeInvis +   a - +12 scimitar of Okawaru's Generosity {venom, MR+ Int+3}
rCold    + + +     Gourm    .   c - +0 shield of Evvetol {+Inv rC++ rCorr Int-2}
rNeg     . . .     Faith    +   g - +13 crystal plate armour of Ceurphom {rPois rC+ rCorr}
rPois    +         Spirit   .   V - +1 hat of Philately {rElec rCorr SInv}
rElec    +         Reflect  .   K - scarf {cloud immunity}
rCorr    +         Harm     .   v - +1 pair of gloves {Str+3}
MR       +++..                  e - +0 pair of boots of Noelogra {Stlth+}
Stlth    ..........             O - amulet of Yendor {Faith rElec SInv Stlth-}
HPRegen  0.47/turn              W - ring of Jeeff {MR+ Slay+6}
MPRegen  0.19/turn              T - +2 ring of slaying

@: very slightly contaminated, lightly drained
A: retaliatory headbutt, horns 2
}: 2/15 runes: barnacled, gossamer
a: Heroism, Finesse, Renounce Religion, Evoke Invisibility


You were on level 5 of the Vaults.
You worshipped Okawaru.
Okawaru was exalted by your worship.
You were near starving.

You visited 7 branches of the dungeon, and saw 39 of its levels.
You visited 1 bazaar.
You also visited: Trove and Ice Cave.

You collected 4999 gold pieces.
You spent 586 gold pieces at shops.

Inventory:

Hand Weapons
 a - the +12 scimitar of Okawaru's Generosity (weapon) {venom, MR+ Int+3}
   (Okawaru gifted it to you on level 15 of the Dungeon)

   It poisons the flesh of those it strikes.
   It affects your intelligence (+3).
   It affects your resistance to hostile enchantments.
 b - the +6 double sword of Wrongful Imprisonment {slice, rPois}
   (Okawaru gifted it to you on level 3 of the Elven Halls)

   It inflicts extra damage upon your enemies.
   It protects you from poison.
 B - a +0 long sword
 Q - a +4 scimitar of flaming
Armour
 c - the +0 shield of Evvetol (worn) {+Inv rC++ rCorr Int-2}
   (Okawaru gifted it to you on level 12 of the Dungeon)

   It affects your intelligence (-2).
   It greatly protects you from cold.
   It lets you turn invisible.
   It provides partial protection from all sources of acid and corrosion.
 e - the +0 pair of boots of Noelogra (worn) {Stlth+}
   (You bought it in a shop on level 2 of the Orcish Mines)

   It makes you more stealthy.
 g - the +13 crystal plate armour of Ceurphom (worn) {rPois rC+ rCorr}
   (Okawaru gifted it to you on level 14 of the Dungeon)

   It protects you from cold.
   It protects you from poison.
   It provides partial protection from all sources of acid and corrosion.
 i - +0 fire dragon scales
 u - +0 storm dragon scales
 v - a +1 pair of gloves of strength (worn)
 z - +0 shadow dragon scales
 A - the +10 large shield of Ignorance {rN+ Int-4}
   (You found it on level 4 of the Vaults)

   It affects your intelligence (-4).
   It protects you from negative energy.
 D - a +2 pair of gloves of dexterity
 K - a scarf of cloud immunity (worn)
 V - the +1 hat of Philately (worn) {rElec rCorr SInv}
   (Okawaru gifted it to you on level 4 of the Spider Nest)

   It insulates you from electricity.
   It lets you see invisible.
   It provides partial protection from all sources of acid and corrosion.
Jewellery
 y - an uncursed amulet of magic regeneration {unknown}
 M - the amulet "Eczeix" {*Corrode rElec Regen+ Str+2 Dex+7}
   (You took it off a deep elf demonologist on level 3 of the Elven Halls)

   [amulet of regeneration]

   It affects your strength (+2).
   It affects your dexterity (+7).
   It insulates you from electricity.
   It increases your rate of regeneration.
   It may corrode you when you take damage.
 O - the amulet of Yendor (around neck) {Faith rElec SInv Stlth-}
   (You found it in a treasure trove)

   [amulet of faith]

   It allows you to gain divine favour quickly.
   It insulates you from electricity.
   It lets you see invisible.
   It makes you less stealthy.
 T - a +2 ring of slaying (right hand)
 W - the ring of Jeeff (left hand) {MR+ Slay+6}
   (You found it in a treasure trove)

   [ring of protection from magic]

   It affects your accuracy and damage with ranged weapons and melee attacks
   (+6).
   It affects your resistance to hostile enchantments.
Wands
 q - a wand of digging (9)
 s - a wand of polymorph (7)
Scrolls
 h - 8 scrolls of fear
 j - a scroll of random uselessness {unknown}
 k - 8 scrolls of identify
 m - a scroll of enchant weapon
 r - 13 scrolls of remove curse
 t - 10 scrolls of teleportation
 w - 6 scrolls of magic mapping
 x - 3 scrolls of blinking
 L - 7 scrolls of noise
Potions
 d - 8 potions of might
 l - 5 potions of flight
 n - 3 potions of resistance
 o - 3 potions of heal wounds
 p - 17 potions of curing
 C - 5 potions of haste
 E - 3 potions of mutation
 G - 6 potions of agility
 H - 4 potions of berserk rage
Comestibles
 f - 62 rations


   Skills:
 + Level 22.3(21.7) Fighting
 + Level 22.6(21.9) Long Blades
 + Level 20.3(19.7) Armour
 + Level 7.0(6.6) Dodging
 + Level 3.0(2.6) Stealth
 + Level 26.6(25.9) Shields
 + Level 1.1(0.7) Unarmed Combat
 + Level 3.9(3.5) Invocations
 + Level 0.8(0.5) Evocations


You had 22 spell levels left.
You didn't know any spells.
Your spell library contained the following spells:

 Spells                   Type           Power        Failure   Level  Hunger
 Animate Skeleton         Necr           N/A          99%         1    ##.....
 Apportation              Tloc           #.....       99%         1    ##.....
 Confusing Touch          Hex            #.....       99%         1    ##.....
 Corona                   Hex            #......      99%         1    ##.....
 Flame Tongue             Conj/Fire      #....        99%         1    ##.....
 Infusion                 Chrm           #...         99%         1    ##.....
 Magic Dart               Conj           #...         99%         1    ##.....
 Summon Small Mammal      Summ           #...         99%         1    ##.....
 Blink                    Tloc           N/A          100%        2    ###....
 Call Imp                 Summ           #.......     100%        2    ###....
 Ensorcelled Hibernation  Hex/Ice        #.....       100%        2    ###....
 Passwall                 Tmut/Erth      #.......     100%        2    ###....
 Poisonous Vapours        Pois/Air       #.....       100%        2    ###....
 Shroud of Golubria       Chrm/Tloc      #.....       100%        2    ###....
 Slow                     Hex            #.......     100%        2    ###....
 Song of Slaying          Chrm           #.......     100%        2    ###....
 Swiftness                Chrm/Air       #.......     100%        2    ###....
 Call Canine Familiar     Summ           #.......     100%        3    ####...
 Confuse                  Hex            #.......     100%        3    ####...
 Conjure Flame            Conj/Fire      #.......     100%        3    ####...
 Dazzling Spray           Conj/Hex       #.....       100%        3    ####...
 Gell's Gravitas          Tloc           #.........   100%        3    ####...
 Lesser Beckoning         Tloc           #.........   100%        3    ####...
 Mephitic Cloud           Conj/Pois/Air  #.......     100%        3    ####...
 Portal Projectile        Hex/Tloc       #.....       100%        3    ####...
 Regeneration             Chrm/Necr      #.........   100%        3    ####...
 Spectral Weapon          Hex/Chrm       #.......     100%        3    ####...
 Static Discharge         Conj/Air       #.......     100%        3    ####...
 Summon Guardian Golem    Hex/Summ       #.......     100%        3    ####...
 Teleport Other           Tloc           #.......     100%        3    ####...
 Tukima's Dance           Hex            #.......     100%        3    ####...
 Cause Fear               Hex            #.........   100%        4    #####..
 Force Lance              Conj/Tloc      #.......     100%        4    #####..
 Ice Form                 Ice/Tmut       #.......     100%        4    #####..
 Passage of Golubria      Tloc           N/A          100%        4    #####..
 Petrify                  Tmut/Erth      #.......     100%        4    #####..
 Summon Ice Beast         Ice/Summ       #.......     100%        4    #####..
 Summon Lightning Spire   Summ/Air       #.......     100%        4    #####..
 Bolt of Magma            Conj/Fire/Erth #.........   100%        5    ######.
 Iskenderun's Battlesphe  Conj/Chrm      #.......     100%        5    ######.
 Lee's Rapid Deconstruct  Erth           #.........   100%        5    ######.
 Lightning Bolt           Conj/Air       #.........   100%        5    ######.
 Metabolic Englaciation   Hex/Ice        #.........   100%        5    ######.
 Venom Bolt               Conj/Pois      #.........   100%        5    ######.
 Yara's Violent Unravell  Hex/Tmut       #.........   100%        5    ######.
 Bolt of Cold             Conj/Ice       #.........   100%        6    #######
 Bolt of Fire             Conj/Fire      #.........   100%        6    #######
 Darkness                 Hex            #.........   100%        6    #######
 Dispersal                Tloc           #.........   100%        6    #######
 Freezing Cloud           Conj/Ice/Air   #.........   100%        6    #######
 Invisibility             Hex            #.......     100%        6    #######
 Iron Shot                Conj/Erth      #.........   100%        6    #######
 Ozocubu's Refrigeration  Ice            #.........   100%        6    #######
 Simulacrum               Ice/Necr       #.........   100%        6    #######
 Dragon Form              Tmut           #.........   100%        7    #######
 Orb of Destruction       Conj           #.........   100%        7    #######
 Spellforged Servitor     Conj/Summ      #.........   100%        7    #######
 Controlled Blink         Tloc           N/A          100%        8    #######
 Disjunction              Tloc           #.........   100%        8    #######
 Ignition                 Fire           #.........   100%        8    #######
 Dragon's Call            Summ           #.........   100%        9    #######
 Shatter                  Erth           #.........   100%        9    #######
 Tornado                  Air            #.........   100%        9    #######


Dungeon Overview and Level Annotations

Branches:
Dungeon (15/15)            Temple (0/1) D:4            Lair (6/6) D:10
 Shoals (4/4) Lair:3       Spider (4/4) Lair:3        Slime (0/5) Lair:6
    Orc (2/2) D:11            Elf (3/3) Orc:2        Vaults (5/5) D:14
  Crypt (0/3) Vaults:2     Depths (0/5) D:15          IceCv (visited)

Altars:
Cheibriados
Elyvilon
Fedhas
Gozag
Hepliaklqana
Kikubaaqudgha
Makhleb
Nemelex Xobeh
Okawaru
Qazlal
Sif Muna
Uskayaw
Vehumet
Wu Jian
Yredelemnul
Beogh

Shops:
D:4 (   Orc:2 :*([   Shoals:4 %

Annotations:
D:3 3 runed translucent doors, SirRappy's ghost, amateur MiBe


Innate Abilities, Weirdness & Mutations

You reflexively headbutt those who attack you in melee.
You have a pair of horns on your head.


Message History

You closely miss the deep elf high priest.
The deep elf high priest is heavily wounded.
The yaktaur captain hits you but does no damage.
The deep elf high priest utters a dark prayer and points at you.
Your life force is offered up.
* * * LOW HITPOINT WARNING * * *
The yaktaur captain is healed.
The deep elf high priest is healed.
You slice the deep elf high priest!!
The deep elf high priest looks as sick as possible!
You headbutt the deep elf high priest!
The deep elf high priest is almost dead.
The fire giant simulacrum hits you.
* * * LOW HITPOINT WARNING * * *
The fire giant simulacrum freezes you. You resist.
* * * LOW HITPOINT WARNING * * *
The yaktaur captain hits you.
* * * LOW HITPOINT WARNING * * *
The deep elf high priest utters a dark prayer and points at you.
Your life force is offered up.
You die...

## #? #?
#!### #?#(#
##.#$#@##
#...}ecZ#
#...#(#...#
...
#.##..(.#
.# . #.
.##... .#
#. .. ..#
.# #. #.#
..# .# #.
.. .. .# #.
..


You could see a yaktaur captain, a deep elf high priest and a fire giant
simulacrum.

Vanquished Creatures
  An ancient lich (Vaults:4)
  Bai Suzhen (Vaults:3)
  Frederick (Vaults:3)
  A golden dragon (Vaults:4)
  Rupert (D:12)
  3 tentacled monstrosities (Vaults:4)
  4 titans (Vaults:4)
  Asterion (Elf:1)
  3 deep elf master archers (Elf:3)
  A deep elf blademaster (Elf:3)
  Frances (Shoals:1)
  2 sphinxes
  A kraken (Shoals:4)
  2 storm dragons (Vaults:4)
  5 tengu reavers
  Donald (Shoals:1)
  Agnes (Elf:2)
  3 shadow dragons
  An orc warlord (Orc:2)
  An iron dragon (Vaults:4)
  7 fire giants
  12 vault wardens
  8 deep elf sorcerers (Elf:3)
  5 frost giants (Vaults:4)
  2 ghost moths (Spider:4)
  5 emperor scorpions
  Aizul (Shoals:4)
  A curse skull (Vaults:2)
  3 deep elf elementalists (Elf:3)
  10 ironheart preservers
  6 very ugly things (Vaults:4)
  A vampire knight (Vaults:2)
  5 entropy weavers
  3 war gargoyles
  7 stone giants
  Nessos (D:14)
  Azrael (Elf:2)
  3 deep elf demonologists (Elf:3)
  13 deep elf annihilators
  3 spark wasps (Spider:4)
  2 ettins
  7 deep elf death magi
  A fire dragon (Vaults:4)
  11 deep elf high priests
  7 merfolk javelineers
  15 merfolk impalers
  4 great orbs of eyes
  Erolcha (D:10)
  12 yaktaur captains
  Harold (D:8)
  Fannar (Orc:1)
  11 hydras
  7 ogre magi
  A rakshasa (Vaults:2)
  30 vault guards
  5 ice dragons
  2 death knights
  9 centaur warriors
  3 merfolk avatars
  Erica (D:9)
  33 two-headed ogres
  8 merfolk aquamancers
  A catoblepas (Lair:4)
  26 dancing weapons
  A tengu warrior (D:14)
  8 death scarabs (Spider:4)
  2 satyrs
  4 alligator snapping turtles
  8 death yaks
  2 deep troll earth magi (Vaults:1)
  A vampire mage (D:15)
  2 orc high priests
  17 deep elf knights
  Sonja (Lair:2)
  A shock serpent (shapeshifter) (Vaults:4)
  5 skeletal warriors
  A small abomination (Elf:3)
  2 shadow wraiths
  A sixfirhy (D:13)
  7 deep trolls
  A spectral emperor scorpion (Spider:4)
  11 sea snakes
  5 unseen horrors
  3 phantasmal warriors
  16 deep elf archers
  3 flayed ghosts
  12 harpies
  4 wizards
  6 spectral wolf spiders (Spider:4)
  20 orc knights
  A harpy (shapeshifter) (D:14)
  17 orb spiders
  19 ironbrand convokers
  3 necromancers
  Pikel (D:8)
  A mana viper (shapeshifter) (D:14)
  32 ugly things
  13 fauns
  58 deep elf magi
  4 oklob plants
  8 cyclopes
  2 moths of wrath (Spider:4)
  26 wolf spiders
  5 orc sorcerers
  13 manticores
  13 merfolk sirens
  2 fire giant skeletons
  A human skeleton (Vaults:1)
  5 elephants
  Maurice (D:8)
  8 water nymphs
  4 centaur zombies
  4 black mambas
  A frost giant skeleton (Vaults:3)
  2 ice statues (IceCv)
  15 spiny frogs
  17 vault sentinels
  3 torpor snails
  4 spectral redbacks (Spider:4)
  2 efreet
  5 komodo dragons
  4 gargoyles
  37 yaktaurs
  A yaktaur zombie (Vaults:1)
  3 rime drakes (Lair:5)
  A rime drake (shapeshifter) (D:12)
  A komodo dragon (shapeshifter) (D:15)
  3 redback zombies (Spider:4)
  A yaktaur (shapeshifter) (Vaults:4)
  19 demonic crawlers
  2 yaktaur skeletons
  9 freezing wraiths
  4 wind drakes
  2 tengu conjurers (D:13)
  A queen bee (shapeshifter) (Elf:1)
  13 hornets
  7 trolls
  37 jumping spiders
  7 polar bears
  2 queen bees
  4 spectral jumping spiders (Spider:4)
  16 blink frogs
  10 meliai
  49 merfolk
  A sphinx simulacrum (Vaults:1)
  2 ettin zombies (D:15)
  6 slime creatures
  A spectral tarantella (Spider:4)
  7 dream sheep
  Prince Ribbit (D:6)
  12 hippogriffs
  14 snapping turtles
  2 jumping spider zombies (Spider:4)
  A hippogriff (shapeshifter) (Vaults:3)
  A deep troll zombie (D:15)
  A fire dragon zombie (D:15)
  2 air elementals
  7 wyverns
  A flying skull (Vaults:2)
  A centaur simulacrum (D:14)
  70 redbacks
  A tarantella (shapeshifter) (D:13)
  12 spriggans
  4 fire elementals
  A shadow (D:14)
  7 wraiths
  An ettin skeleton (Vaults:3)
  12 water elementals
  32 tarantellas
  73 yaks
  2 hungry ghosts
  6 basilisks
  A human (D:10)
  8 vampire mosquitoes
  2 steam dragons
  10 wargs
  2 soldier ants
  2 acid dragons
  A swamp worm (shapeshifter) (Elf:1)
  3 spectral hornets (Spider:4)
  A hell hound (Elf:2)
  13 water moccasins
  9 porcupines
  40 orc warriors
  A meliai simulacrum (D:15)
  7 black bears
  10 ice beasts
  7 sky beasts
  A sky beast (shapeshifter) (Vaults:3)
  An eye of draining (D:15)
  A human zombie (Vaults:3)
  2 slaves (D:8)
  A hornet zombie (Spider:4)
  A necrophage (D:7)
  26 ogres
  33 wolves
  12 boggarts
  An orc zombie (Vaults:1)
  3 phantoms
  19 centaurs
  13 crocodiles
  A big kobold (shapeshifter) (Vaults:1)
  16 bullfrogs
  A gnoll sergeant (D:6)
  5 earth elementals
  4 scorpions
  A wyvern skeleton (D:7)
  18 wights
  53 killer bees
  4 electric eels
  2 howler monkeys
  4 crimson imps
  2 bullfrog zombies (D:6)
  A hound (D:11)
  A quasit (D:12)
  27 orc priests
  6 jellies
  Crazy Yiuf (D:3)
  A bullfrog skeleton (D:12)
  27 orc wizards
  5 centaur skeletons
  Ijyb (D:3)
  2 iguanas
  Terence (D:2)
  7 worker ants
  7 hell rats (Lair:5)
  12 adders
  12 gnolls
  2 shadow imps
  2 oozes
  2 adder zombies
  2 adder skeletons
  2 worms (D:2)
  4 dart slugs
  3 leopard geckos
  97 orcs
  7 bats
  5 giant cockroaches
  9 goblins
  5 hobgoblins
  13 jackals
  2 quokkas (D:8)
  5 frilled lizards
  A jackal skeleton (D:4)
  9 kobolds
  A leopard gecko skeleton (D:5)
  A quokka skeleton (D:5)
  5 rats
  A butterfly (Lair:1)
  2 crawling corpses (Elf:3)
  A fungus (D:3)
  3 plants
  A tentacle (Shoals:4)
1917 creatures vanquished.

Vanquished Creatures (others)
  Nikola (Elf:2)
  A merfolk aquamancer (Shoals:3)
  A deep elf knight (Elf:2)
  A necromancer (Vaults:5)
  A deep elf mage (Elf:2)
  2 merfolk
  A hornet (Vaults:3)
  A redback (Spider:2)
  An ogre (Vaults:5)
  2 killer bees (Lair:5)
  5 fungi
  9 plants
  6 tentacles (Shoals:4)
32 creatures vanquished.

Grand Total: 1949 creatures vanquished

Notes
Turn   | Place    | Note
-------+----------+-------------------------------------------
     0 | D:1      | Peloso the Minotaur Fighter began the quest for the Orb.
     0 | D:1      | Reached XP level 1. HP: 19/19 MP: 0/0
   144 | D:1      | Reached XP level 2. HP: 25/27 MP: 1/1
   367 | D:1      | Reached skill level 4 in Shields
   728 | D:2      | Reached XP level 3. HP: 23/33 MP: 2/2
   743 | D:2      | Noticed Terence
   753 | D:2      | Killed Terence
   866 | D:2      | Found an iron altar of Okawaru.
   880 | D:2      | Reached XP level 4. HP: 36/41 MP: 3/3
   901 | D:2      | Became a worshipper of Warmaster Okawaru
  1165 | D:3      | Found a radiant altar of Vehumet.
  1559 | D:3      | Found a runed translucent gate.
  1559 | D:3      | Found a runed translucent gate.
  1559 | D:3      | Found a runed translucent gate.
  1780 | D:3      | Found a sparkling altar of Nemelex Xobeh.
  1781 | D:3      | Found an opulent altar of Gozag.
  1857 | D:3      | Noticed Ijyb
  1864 | D:3      | Killed Ijyb
  1864 | D:3      | Reached XP level 5. HP: 47/47 MP: 4/4
  1890 | D:3      | Found a runed translucent door.
  1891 | D:3      | Noticed Crazy Yiuf
  2021 | D:3      | Killed Crazy Yiuf
  2021 | D:3      | Reached skill level 5 in Armour
  2155 | D:3      | Noticed SirRappy's ghost (amateur MiBe)
  2253 | D:4      | Reached skill level 1 in Dodging
  2254 | D:4      | Found Gokecet's Antique Weapon Shoppe.
  2296 | D:4      | Noticed an ogre
  2342 | D:4      | Killed an ogre
  2342 | D:4      | Reached skill level 5 in Shields
  2342 | D:4      | Reached XP level 6. HP: 53/53 MP: 5/5
  2418 | D:4      | Reached * piety under Okawaru
  2466 | D:4      | Found a staircase to the Ecumenical Temple.
  2475 | D:4      | Found a hide-covered altar of Uskayaw.
  2481 | D:4      | Found a burning altar of Makhleb.
  2483 | D:4      | Found an ornate altar of the Wu Jian Council.
  2483 | D:4      | Found a snail-covered altar of Cheibriados.
  2488 | D:4      | Found a shimmering blue altar of Sif Muna.
  2648 | D:5      | Entered Level 5 of the Dungeon
  2669 | D:5      | Found the +8 glaive of the Guard {elec, +Rage AC+5 SInv}
  2835 | D:5      | Reached skill level 5 in Long Blades
  2845 | D:5      | Found an opulent altar of Gozag.
  2866 | D:5      | Found a stormy altar of Qazlal.
  3582 | D:6      | Noticed Prince Ribbit
  3666 | D:7      | Reached skill level 5 in Fighting
  3666 | D:7      | Reached XP level 7. HP: 16/61 MP: 6/6
  3767 | D:7      | Noticed a hornet
  4450 | D:6      | Reached ** piety under Okawaru
  4454 | D:6      | Killed Prince Ribbit
  4454 | D:6      | Reached skill level 6 in Shields
  4454 | D:6      | Reached XP level 8. HP: 15/69 MP: 7/7
  4505 | D:6      | HP: 1/70 [something (9)]
  5713 | D:7      | Killed a hornet
  5713 | D:7      | Reached *** piety under Okawaru
  5777 | D:7      | Reached XP level 9. HP: 69/78 MP: 8/8
  5791 | D:7      | Reached skill level 7 in Shields
  5847 | D:7      | Found an ancient bone altar of Kikubaaqudgha.
  6110 | D:7      | Found a basalt altar of Yredelemnul.
  6573 | D:8      | Reached skill level 1 in Stealth
  6860 | D:8      | Reached **** piety under Okawaru
  6918 | D:8      | Noticed Maurice
  6929 | D:8      | Killed Maurice
  6929 | D:8      | Reached skill level 10 in Long Blades
  6929 | D:8      | Reached skill level 8 in Shields
  6941 | D:8      | Noticed Harold
  6978 | D:8      | Killed Harold
  6978 | D:8      | Reached skill level 1 in Unarmed Combat
  6978 | D:8      | Reached XP level 10. HP: 25/85 MP: 6/9
  7498 | D:8      | Noticed Pikel
  7529 | D:8      | Killed Pikel
  7623 | D:8      | Reached skill level 9 in Shields
  7672 | D:8      | Noticed a cyclops
  7673 | D:8      | Found a large runed translucent door.
  7673 | D:8      | Found a large runed translucent door.
  7685 | D:8      | Killed a cyclops
  7687 | D:8      | Reached skill level 1 in Invocations
  7696 | D:8      | Noticed an orc knight
  7931 | D:9      | Found a white marble altar of Elyvilon.
  7946 | D:9      | Noticed a two-headed ogre
  7960 | D:9      | Killed a two-headed ogre
  7960 | D:9      | Reached ***** piety under Okawaru
  7960 | D:9      | Received a gift from Okawaru
  8276 | D:9      | Noticed Erica
  8287 | D:9      | Killed Erica
  8287 | D:9      | Reached skill level 10 in Shields
  8539 | D:9      | Reached XP level 11. HP: 60/94 MP: 11/11
  8628 | D:10     | Entered Level 10 of the Dungeon
  8679 | D:10     | Reached skill level 10 in Armour
  9045 | D:10     | Found a staircase to the Lair.
  9135 | D:10     | Noticed Erolcha
  9146 | D:10     | Killed Erolcha
  9787 | D:11     | Noticed an eight-headed hydra
  9804 | D:10     | Killed a three-headed hydra
  9804 | D:10     | Received a gift from Okawaru
  9804 | D:10     | Reached skill level 11 in Shields
  9805 | D:10     | Found the +3 robe of Clouds {+Thunder rCloud rElec}
 10085 | D:11     | Found a staircase to the Orcish Mines.
 10668 | D:11     | Noticed a two-headed ogre
 10693 | D:11     | Noticed a two-headed ogre
 10864 | D:10     | Killed a two-headed ogre
 10980 | D:10     | Killed a two-headed ogre
 10980 | D:10     | Reached skill level 10 in Fighting
 11280 | D:11     | Noticed a four-headed hydra
 11288 | D:11     | Reached XP level 12. HP: 75/105 MP: 12/12
 11292 | D:11     | Killed a one-headed hydra
 11354 | D:11     | Reached skill level 12 in Shields
 11367 | D:11     | Reached ****** piety under Okawaru
 11618 | D:12     | Noticed a six-headed hydra
 11623 | D:12     | Killed a four-headed hydra
 11656 | D:12     | Received a gift from Okawaru
 11931 | D:12     | Noticed Rupert
 11950 | D:12     | Killed Rupert
 12127 | D:12     | Found a portal to a secret trove of treasure.
 12165 | Trove    | Entered a treasure trove
 12168 | Trove    | Got a serpentine bronze ring
 12170 | Trove    | Got a slimy crystal amulet
 12174 | Trove    | Got a translucent sapphire amulet
 12179 | Trove    | Got a scorched tin amulet
 12191 | Trove    | Got a clouded tin ring
 12206 | Trove    | Identified the ring "Silij" {+Fly MR+} (You found it in a
                  | treasure trove)
 12207 | Trove    | Identified the amulet of Yendor {Faith rElec SInv Stlth-}
                  | (You found it in a treasure trove)
 12209 | Trove    | Identified the amulet of Benevolence {Acrobat rPois} (You
                  | found it in a treasure trove)
 12212 | Trove    | Identified the amulet "Evua" {Acrobat Fragile rElec rF+
                  | Slay+3} (You found it in a treasure trove)
 12216 | Trove    | Identified the ring of Jeeff {MR+ Slay+6} (You found it in
                  | a treasure trove)
 12227 | Trove    | Got a shimmering silver ring
 12229 | Trove    | Identified the ring "Yfaciz" {+Fly rC+} (You found it in a
                  | treasure trove)
 12314 | D:12     | Noticed a two-headed ogre
 12321 | D:12     | Killed a two-headed ogre
 12339 | D:12     | Noticed an ettin
 12346 | D:12     | Killed an ettin
 12580 | D:12     | Found an opulent altar of Gozag.
 12580 | D:12     | Found a hazy altar of Hepliaklqana.
 12580 | D:12     | Noticed a centaur warrior
 12588 | D:12     | Killed a centaur warrior
 12692 | Lair:1   | Entered Level 1 of the Lair of Beasts
 13150 | Lair:1   | Reached XP level 13. HP: 116/116 MP: 14/14
 13648 | Lair:2   | Found a blossoming altar of Fedhas.
 13774 | Lair:2   | Reached skill level 15 in Long Blades
 13894 | Lair:2   | Noticed Sonja
 13900 | Lair:2   | Killed Sonja
 13965 | Lair:2   | HP: 4/118 [acid (16)]
 13968 | Lair:2   | Reached skill level 13 in Shields
 14710 | Lair:3   | Reached skill level 5 in Dodging
 15026 | Lair:3   | Found a hole to the Spider Nest.
 15088 | Lair:3   | Found a sparkling altar of Nemelex Xobeh.
 15354 | Lair:3   | Found a staircase to the Shoals.
 16204 | Lair:4   | Received a gift from Okawaru
 16793 | Lair:5   | Reached skill level 14 in Shields
 16832 | Lair:5   | Reached XP level 14. HP: 107/129 MP: 15/15
 18432 | D:8      | Found a blossoming altar of Fedhas.
 18437 | D:8      | Found a shimmering blue altar of Sif Muna.
 18641 | D:12     | Received a gift from Okawaru
 18652 | D:12     | Got a dazzling shield {god gift}
 18658 | D:12     | Identified the +0 shield of Evvetol {+Inv rC++ rCorr Int-2}
                  | (Okawaru gifted it to you on level 12 of the Dungeon)
 19051 | D:13     | Found a runed translucent door.
 19062 | D:13     | Found a frozen archway.
 19111 | IceCv    | Entered an ice cave
 19133 | IceCv    | Found a transporter.
 19158 | IceCv    | Found a transporter.
 19377 | D:13     | Reached skill level 15 in Shields
 20138 | D:14     | Found a white marble altar of Elyvilon.
 20160 | D:14     | Received a gift from Okawaru
 20171 | D:14     | Got a pitted crystal plate armour {god gift}
 20193 | D:14     | Identified the +13 crystal plate armour of Ceurphom {rPois
                  | rC+ rCorr} (Okawaru gifted it to you on level 14 of the
                  | Dungeon)
 20434 | D:14     | Reached XP level 15. HP: 131/139 MP: 16/16
 20447 | D:14     | Noticed Nessos
 20462 | D:14     | Killed Nessos
 20820 | D:14     | Found the +6 lightning scales {run, rElec}
 20934 | D:14     | Reached skill level 15 in Fighting
 21157 | D:14     | Found a gate to the Vaults.
 21195 | D:15     | Entered Level 15 of the Dungeon
 21402 | D:15     | Found a staircase to the Depths.
 21551 | D:15     | Received a gift from Okawaru
 21583 | D:15     | Got a twisted scimitar {god gift}
 21584 | D:15     | Identified the +12 scimitar of Okawaru's Generosity {venom,
                  | MR+ Int+3} (Okawaru gifted it to you on level 15 of the
                  | Dungeon)
 21626 | D:15     | Reached skill level 16 in Shields
 22358 | Lair:6   | Entered Level 6 of the Lair of Beasts
 22545 | Lair:6   | Received a gift from Okawaru
 23128 | Lair:6   | Reached skill level 15 in Armour
 23159 | Lair:6   | Found a staircase to the Slime Pits.
 23279 | Lair:6   | Received a gift from Okawaru
 23279 | Lair:6   | Reached XP level 16. HP: 89/150 MP: 17/17
 23293 | Lair:6   | Reached skill level 17 in Shields
 24562 | Orc:1    | Entered Level 1 of the Orcish Mines
 24625 | Orc:1    | Noticed Fannar
 24639 | Orc:1    | Killed Fannar
 24986 | Orc:2    | Entered Level 2 of the Orcish Mines
 25194 | Orc:1    | Found a roughly hewn altar of Beogh.
 25251 | Orc:1    | Found a roughly hewn altar of Beogh.
 25673 | Orc:2    | Found a roughly hewn altar of Beogh.
 25693 | Orc:2    | Found Ratt's General Store.
 25717 | Orc:2    | Found Ximask's Antique Weapon Shop.
 25739 | Orc:2    | Found Qimikh's Book Shop.
 25755 | Orc:2    | Found Orhaceon's Antique Armour Shop.
 25763 | Orc:2    | Bought a pair of pitted boots for 256 gold pieces
 25770 | Orc:2    | Identified the cursed +0 pair of boots of Noelogra {Stlth+}
                  | (You bought it in a shop on level 2 of the Orcish Mines)
 25788 | Orc:2    | Found a staircase to the Elven Halls.
 26620 | Shoals:1 | Entered Level 1 of the Shoals
 26776 | Shoals:1 | Noticed Frances
 26797 | Shoals:1 | Killed Frances
 26797 | Shoals:1 | Reached skill level 18 in Shields
 26813 | Shoals:1 | Noticed Donald
 26828 | Shoals:1 | Received a gift from Okawaru
 27362 | Shoals:1 | Killed Donald
 28006 | Shoals:2 | Received a gift from Okawaru
 28447 | Shoals:2 | Received a gift from Okawaru
 28508 | Shoals:2 | Reached XP level 17. HP: 125/160 MP: 18/18
 29229 | Shoals:3 | Reached skill level 19 in Shields
 29473 | Shoals:4 | Entered Level 4 of the Shoals
 29664 | Shoals:4 | Got a barnacled rune of Zot
 29956 | Shoals:4 | Noticed a kraken
 29976 | Shoals:4 | Killed a kraken
 30169 | Shoals:4 | Received a gift from Okawaru
 30391 | Shoals:4 | Found Inloxzuu's Food Boutique.
 31802 | Shoals:4 | Noticed Aizul
 31813 | Shoals:4 | Killed Aizul
 31876 | Shoals:4 | Received a gift from Okawaru
 32013 | Spider:1 | Entered Level 1 of the Spider Nest
 32032 | Spider:1 | Reached skill level 20 in Shields
 32069 | Spider:1 | Reached XP level 18. HP: 158/171 MP: 19/19
 32186 | Spider:1 | Got an encrusted glaive
 32187 | Spider:1 | Identified the +3 glaive of Irritation {flame, Stlth+} (You
                  | found it on level 1 of the Spider Nest)
 32194 | Spider:1 | Identified 3 scrolls of acquirement
 34387 | Spider:4 | Entered Level 4 of the Spider Nest
 34423 | Spider:4 | Received a gift from Okawaru
 34491 | Spider:4 | Reached skill level 21 in Shields
 35698 | Spider:4 | Paralysed by a hornet for 3 turns
 35898 | Spider:4 | Reached XP level 19. HP: 158/181 MP: 20/20
 35980 | Spider:4 | Received a gift from Okawaru
 36023 | Spider:4 | Got a heavily runed hat {god gift}
 36037 | Spider:4 | Identified the +1 hat of Philately {rElec rCorr SInv}
                  | (Okawaru gifted it to you on level 4 of the Spider Nest)
 36050 | Spider:4 | Got a gossamer rune of Zot
 36530 | Elf:1    | Entered Level 1 of the Elven Halls
 36579 | Elf:1    | Reached skill level 22 in Shields
 36686 | Elf:1    | Noticed Asterion
 36701 | Elf:1    | Killed Asterion
 37022 | Elf:1    | Found a gateway to a bazaar.
 37088 | Bazaar   | Entered a bazaar
 37088 | Bazaar   | Found Ikoseure's Armour Shop.
 37088 | Bazaar   | Found Maral's General Store.
 37088 | Bazaar   | Found Maoroll's Antique Weapon Shop.
 37090 | Bazaar   | Found Mebritsauqamp's Food Shoppe.
 37090 | Bazaar   | Found Xutun's General Store.
 37138 | Bazaar   | Bought a wand of digging (7) for 176 gold pieces
 37138 | Bazaar   | Bought a scroll of enchant weapon for 60 gold pieces
 37146 | Bazaar   | Bought a scroll of noise for 7 gold pieces
 37146 | Bazaar   | Bought a scroll of enchant weapon for 52 gold pieces
 37146 | Bazaar   | Bought a potion of heal wounds for 35 gold pieces
 37731 | Elf:2    | Noticed Azrael
 37744 | Elf:2    | Killed Azrael
 37990 | Elf:2    | Received a gift from Okawaru
 38077 | Elf:2    | Noticed Agnes
 38084 | Elf:2    | Killed Agnes
 38136 | Elf:2    | Found a huge runed translucent gate.
 38136 | Elf:2    | Found a huge runed translucent gate.
 38143 | Elf:2    | Found a huge runed translucent gate.
 38143 | Elf:2    | Found a huge runed translucent gate.
 38143 | Elf:2    | Found a huge runed translucent gate.
 38247 | Elf:3    | Entered Level 3 of the Elven Halls
 39671 | Elf:3    | Reached XP level 20. HP: 127/193 MP: 21/21
 39939 | Elf:3    | Identified the amulet "Eczeix" {*Corrode rElec Regen+ Str+2
                  | Dex+7}
 40004 | Elf:3    | Reached skill level 23 in Shields
 40433 | Elf:3    | Received a gift from Okawaru
 40440 | Elf:3    | Got a warped double sword {god gift}
 40441 | Elf:3    | Identified the +6 double sword of Wrongful Imprisonment
                  | {slice, rPois} (Okawaru gifted it to you on level 3 of the
                  | Elven Halls)
 40632 | Elf:3    | Found the +2 ratskin cloak {+Rats rPois rN+ Str-1 Int-1
                  | Dex+1}
 40657 | Elf:3    | Identified the +5 war axe of the Imperium {drain, rPois
                  | Int+3 Dex-4 SInv}
 40657 | Elf:3    | Identified the cursed +1 robe of Boiling Hail {Str-5 Int+5}
 40681 | Elf:3    | Identified the ring of Plog {+Fly MP-9 Int+4 Dex+5 SInv}
 40690 | Elf:3    | HP: 2/193 [deep elf high priest/a malign offering (30)]
 41150 | Elf:3    | Got bronze fire dragon scales
 41165 | Elf:3    | Identified the Grimoire of the Flying Oath
 41178 | Elf:3    | Identified the cursed +0 fire dragon scales of Polytheism
                  | {rElec rF++ rC- rN+ Str+2} (You found it on level 3 of the
                  | Elven Halls)
 42296 | Elf:2    | Noticed Nikola
 42319 | Elf:2    | Killed Nikola
 42446 | Elf:2    | Received a gift from Okawaru
 42460 | Elf:2    | Got a jewelled shield {god gift}
 42471 | Elf:2    | Identified the +3 shield of the Manifold Scars {SInv}
                  | (Okawaru gifted it to you on level 2 of the Elven Halls)
 42826 | Vaults:1 | Entered Level 1 of the Vaults
 43276 | Vaults:1 | Identified the Handbook of Warped Hexes
 43383 | Vaults:1 | You fall into a shaft and drop 1 floor!
 44135 | Vaults:2 | Reached skill level 24 in Shields
 44135 | Vaults:2 | Reached XP level 21. HP: 142/202 MP: 22/22
 44428 | Vaults:2 | Received a gift from Okawaru
 44956 | Vaults:2 | Found a staircase to the Crypt.
 45066 | Vaults:2 | You fall into a shaft and drop 2 floors!
 45135 | Vaults:3 | Noticed Frederick
 45713 | Vaults:3 | Noticed Bai Suzhen
 45739 | Vaults:3 | Killed Bai Suzhen
 45775 | Vaults:3 | Killed Frederick
 45775 | Vaults:3 | Received a gift from Okawaru
 45792 | Vaults:3 | Identified the cursed +1 leather armour of the Rose {rF+
                  | MR+}
 47941 | Vaults:4 | Reached skill level 25 in Shields
 48369 | Vaults:4 | Received a gift from Okawaru
 48503 | Vaults:4 | Reached XP level 22. HP: 132/213 MP: 23/23
 49113 | Vaults:4 | Found the +10 large shield of Ignorance {rN+ Int-4}
 49587 | Vaults:5 | Entered Level 5 of the Vaults
 49760 | Vaults:4 | Received a gift from Okawaru
 50108 | Vaults:5 | Noticed a golden dragon
 50117 | Vaults:4 | Killed a golden dragon
 50188 | Vaults:5 | Reached skill level 26 in Shields
 50801 | Vaults:4 | Received a gift from Okawaru
 50805 | Vaults:4 | Got a pair of distressingly furry gloves {god gift}
 50816 | Vaults:4 | Identified the +0 pair of gloves "Seetoura" {*Slow MP+9
                  | Int+3} (Okawaru gifted it to you on level 4 of the Vaults)
 50850 | Vaults:5 | Noticed an ancient lich
 50873 | Vaults:4 | Killed an ancient lich
 51518 | Vaults:5 | Reached XP level 23. HP: 206/223 MP: 24/24
 52682 | Vaults:4 | Received a gift from Okawaru
 52739 | Vaults:5 | HP: 11/224 [fire giant simulacrum[a necromancer] (4)]
 52739 | Vaults:5 | Killed from afar by a deep elf high priest

Levels and vault maps discovered:
D:1:      lemuel_arrival_lava_pool, layout_loops_ring
D:2:      layout_rooms, okawaru_metal_pillars_1_2, minmay_3d_cube, uniq_terence
D:3:      layout_rooms, grunt_temple_overflow_opulence, lemuel_crystal_altar,
          first_ration, gammafunk_ghost_icy, uniq_crazy_yiuf_cottage, uniq_ijyb
D:4:      layout_cave_pools, minitemple, minmay_temple_entry_statues_fountains,
          serial_shops, shop
D:5:      layout_gridville, nicolae_qazlal_general_emergency, basic_altar
D:6:      layout_basic, uniq_prince_ribbit1
D:7:      layout_loops_ring, kennysheep_mini, lemuel_coloured_pillars_altar,
          the_bakery
D:8:      layout_basic, jmf_multi_god_temple2, uniq_maurice, uniq_harold,
          uniq_pikel
D:9:      layout_cave_pools, lemuel_crystal_altar, amethyst_killhole, uniq_erica
D:10:     layout_basic, minmay_lair_entry_grove, dk_noncrumbling_2, uniq_erolcha
D:11:     layout_rooms, erik_orc_4
D:12:     layout_roguey, enter_trove_2, jmf_multi_god_temple, uniq_rupert
D:13:     cheibrodos_shockbox, layout_rooms,
          portal_ice_cave_entry_animals_and_master, serial_co_window_serial,
          co_window_of_opportunity_a, co_window_of_opportunity_a,
          co_window_of_opportunity_a, co_window_paths_b, co_window_corner_a,
          co_window_corner_a, co_window_paths_a, co_window_broadway_a,
          co_window_broadway_a, co_window_unsneaky_path_c, glass_columns_a,
          glass_columns_b, glass_columns_a
D:14:     layout_grid_maze, david_vaults_4, minmay_misc_feat_four_crosses,
          hangedman_glass_teeth, elyvilon_altar_3, uniq_nessos
D:15:     gammafunk_depths_entry_grave, layout_rooms, nooodl_food_tri
Lair:1:   layout_gridlike, chequers_serial_rivers_micro_c,
          chequers_serial_rivers_micro_e, lemuel_fruit_fields
Lair:2:   layout_roguey, basic_altar, infiniplex_staircase_pool_2,
          lemuel_fruit_tree, grunt_megastairs_5, uniq_sonja
Lair:3:   layout_cave_pods, elwin_shoals_entry_rooms, spider_nest_entry_a,
          basic_altar, grunt_megastairs_4
Lair:4:   beast_lair_carwin_large_4, layout_cave_pods
Lair:5:   regret_index_bee_streams, layout_regular_city
Lair:6:   minmay_lair_end_enchanted_forest, layout_cave_pods,
          minmay_slime_entry_oklob_open, serial_bayou_shore_b,
          grunt_megastairs_1, serial_bayou_shore_b
Shoals:1: layout_shoals, nicolae_shoals_wave_tunnel, uniq_frances, uniq_donald
Shoals:2: layout_shoals
Shoals:3: layout_shoals
Shoals:4: shoals_end_simple, layout_shoals, serial_shops, shop_fountains,
          uniq_aizul
Spider:1: layout_spider_delve
Spider:2: layout_spider_delve, hangedman_spider_tarantella_strand
Spider:3: layout_spider_delve, drop_trap, nicolae_looking_at_the_future
Spider:4: floodkiller_spider_rune_tomb
Orc:1:    layout_diamond_mine, basic_altar, mines2_david, uniq_fannar
Orc:2:    grunt_orc_cross, layout_diamond_mine
Elf:1:    layout_loops_ring, serial_shops, bzr_entry_safe, uniq_asterion
Elf:2:    layout_geoelf_octagon, uniq_nikola, uniq_azrael, uniq_agnes
Elf:3:    minmay_elf_hall_hex, layout_gridlike
Vaults:1: nicolae_vaults_little_squares_6, hangedman_vaults_nodes,
          nicolae_vaults_little_squares_3, nicolae_vaults_rhombus_5,
          vaults_room_boxed, v_misc_15, nicolae_vaults_network_s,
          ontoclasm_vaults_hangar, vaults_mumra_chevron, hangedman_vaults_slice,
          layout_vaults_ring
Vaults:2: v_rooms_5, nicolae_vaults_triangles, ontoclasm_vaults_decontamination,
          v_pattern_2, nicolae_vaults_network_star, vaults_mumra_minichess,
          vaults_standard_mumra_lines, nicolae_vaults_asterisk,
          nicolae_vaults_little_squares_6, ontoclasm_vaults_hangar,
          vaults_room_hangedman_quadrants, minmay_crypt_entry_simple_round,
          layout_vaults_maze_snakey
Vaults:3: hangedman_vaults_hard_town_square, nicolae_vaults_little_squares_1,
          ontoclasm_vaults_tryst, nicolae_vaults_circle_grid_b,
          vaults_mumra_minichess_inversion, hangedman_vaults_trim,
          v_alt_pattern_4, grunt_vaults_funnel, layout_vaults_omnigrid,
          uniq_bai_suzhen, uniq_frederick
Vaults:4: ontoclasm_vaults_bender, grunt_vaults_bifocal,
          nicolae_vaults_little_squares_4, ontoclasm_vaults_misaligned,
          v_misc_12, ontoclasm_vaults_eye, grunt_vaults_hallway_short,
          nicolae_vaults_arrows, v_misc_26, vaults_room_semicircle,
          nicolae_vaults_border_crossing, layout_vaults_omnibox
Vaults:5: serial_shops, uniq_boris

Skill      XL: |  1  2  3  4  5  6  7  8  9 10 11 12 13 14 15 16 17 18 19 20 21 22 23 |
---------------+----------------------------------------------------------------------+-----
Fighting       | 4 5 6 7 8 10 11 13 14 15 16 17 18 19 20 21 22 | 22.3
Armour         | 4 5 7 9 10 11 13 14 15 16 17 18 19 20 | 20.3
Shields        | 4 5 6 8 10 11 12 14 15 16 18 20 21 22 24 25 26 | 26.6
Long Blades    | 3 4 5 6 8 10 11 13 14 15 16 17 18 19 20 21 22 | 22.6
Dodging        | 1 2 3 4 5 6 7 |  7.0
Stealth        | 1 2 3 |  3.0
Unarmed Combat | 1 |  1.1
Invocations    | 1 2 3 |  3.9
Evocations     | |  0.8

Action                   |  1- 3 |  4- 6 |  7- 9 | 10-12 | 13-15 | 16-18 | 19-21 | 22-24 || total
-------------------------+-------+-------+-------+-------+-------+-------+-------+-------++-------
Melee: Long sword        |    83 |   189 |   321 |   133 |     5 |       |       |       ||   731
       Headbutt          |    14 |    32 |    72 |   135 |   276 |   414 |   442 |   192 ||  1577
       Unarmed           |       |       |     6 |       |       |       |       |       ||     6
       Scimitar          |       |       |       |   399 |   968 |  1435 |  1260 |   505 ||  4567
       Double sword      |       |       |       |       |       |       |    46 |       ||    46
Invok: Heroism           |       |       |     2 |     8 |     4 |     5 |     5 |     2 ||    26
       Finesse           |       |       |       |     1 |       |       |       |       ||     1
Evoke: Wand              |       |     1 |     3 |       |     1 |     8 |       |       ||    13
  Use: Potion            |     2 |       |       |       |     2 |     5 |     3 |     1 ||    13
       Scroll            |       |     1 |     2 |     5 |    13 |    11 |    12 |     2 ||    46
 Stab: Confused          |       |     2 |       |       |       |       |       |       ||     2
  Eat: Ration            |       |     2 |       |     2 |     5 |     1 |     2 |       ||    12
       Chunk             |       |     4 |     9 |    15 |    16 |    40 |    33 |    13 ||   130
Armor: Scale mail        |    32 |    99 |    18 |       |       |       |       |       ||   149
       Chain mail        |       |       |    81 |   172 |   128 |       |       |       ||   381
       Plate armour      |       |       |    22 |       |       |       |       |       ||    22
       Ice dragon scales |       |       |       |       |     7 |       |       |       ||     7
       Crystal plate arm |       |       |       |       |   304 |   866 |   598 |   360 ||  2128
Dodge: Dodged            |    30 |    97 |    80 |   164 |   497 |   740 |   488 |   193 ||  2289
Block: Shield            |    45 |   138 |   161 |   307 |   756 |  1458 |  1133 |   574 ||  4572
       Rpst.: Long sword |     9 |    21 |    17 |     8 |     1 |       |       |       ||    56
       Scimitar          |       |       |       |    29 |   114 |   134 |    83 |    29 ||   389
       Double sword      |       |       |       |       |       |       |     1 |       ||     1
